 Dungeon Crawl Stone Soup version 0.30-a0-845-g7c6808c8ce (webtiles) character file.

Game seed: 9521702733835558052

3298 greenreed the Covert (level 9, 0/42 HPs)
             Began as a Spriggan Enchanter on Mar 2, 2023.
             Was a Priest of Dithmenos.
             Slain by a death yak (25 damage)
             ... on level 8 of the Dungeon.
             The game lasted 00:31:25 (8415 turns).

greenreed the Covert (Spriggan Enchanter)           Turns: 8415, Time: 00:31:25

Health: 0/42       AC:  2    Str:  4    XL:     9   Next: 70%
Magic:  9/31       EV: 18    Int: 21    God:    Dithmenos [***...]
Gold:   734        SH:  0    Dex: 15    Spells: 13/24 levels left

rFire   . . .      SeeInvis +    m - +2 short sword (speed)
rCold   . . .      Faith    +    (no shield)
rNeg    . . .      Spirit   .    b - +0 robe
rPois   .          Reflect  .    (helmet restricted)
rElec   .          Rampage  .    (no cloak)
rCorr   .                        (gloves unavailable)
Will    +....                    (boots unavailable)
Stlth   ++++++                   i - amulet of faith
HPRegen 0.27/turn                B - ring of magical power
MPRegen 0.22/turn                (no ring)

@: very slightly contaminated, wreathed by umbra, studying Ranged Weapons, very
quick
A: very small, no large weapons, unfitting armour, see invisible, speed 3
a: Renounce Religion, Shadow Step


You were on level 8 of the Dungeon.
You worshipped Dithmenos.
Dithmenos was most pleased with you.
You visited 2 branches of the dungeon, and saw 9 of its levels.
You also visited: Ossuary.

You collected 734 gold pieces.

Inventory:

Hand Weapons
 a - a +1 dagger
 m - a +2 short sword of speed (weapon)
 I - a +0 sling
Missiles
 w - a throwing net
 L - 14 boomerangs of dispersal
Armour
 b - a +0 robe (worn)
Jewellery
 i - an amulet of faith (around neck)
 x - the ring of Asim {Fly rF- rCorr Dex+5 SInv}
   (You found it on level 2 of the Dungeon)

   [ring of flight]

   Dex:       It affects your dexterity (+5).
   rF:        It makes you vulnerable to fire.
   SInv:      It lets you see invisible.
   Fly:       It grants you flight.
   rCorr:     It protects you from acid and corrosion.
 B - a ring of magical power (left hand)
Wands
 l - a wand of flame (25)
 K - a wand of acid (7)
 M - a wand of charming (6)
Scrolls
 e - 2 scrolls of fear {unknown}
 g - a scroll of magic mapping {unknown}
 h - 7 scrolls of identify {unknown}
 o - 4 scrolls of blinking {unknown}
 q - 3 scrolls of immolation {unknown}
 r - 2 scrolls of vulnerability {unknown}
 v - 2 scrolls of enchant armour {unknown}
 y - 4 scrolls of enchant weapon {unknown}
 z - a scroll of noise {unknown}
 A - a scroll of summoning {unknown}
 C - 2 scrolls of torment {unknown}
 D - 3 scrolls of teleportation {unknown}
 E - 2 scrolls of amnesia {unknown}
Potions
 c - a potion of invisibility
 d - 3 potions of heal wounds {unknown}
 f - 2 potions of attraction {unknown}
 j - 2 potions of brilliance {unknown}
 k - 3 potions of might {unknown}
 n - 2 potions of lignification {unknown}
 p - 12 potions of curing {unknown}
 s - a potion of magic {unknown}
 t - 5 potions of haste {unknown}
 u - 3 potions of resistance {unknown}
 F - a potion of ambrosia {unknown}
 G - a potion of berserk rage {unknown}
 H - 2 potions of cancellation {unknown}
 J - a potion of mutation {unknown}


   Skills:
 + Level 2.1 Fighting
 + Level 4.9 Short Blades
 * Level 6.3 Ranged Weapons
 + Level 4.5 Dodging
 + Level 10.4 Stealth
 * Level 8.4 Spellcasting
 + Level 0.1 Conjurations
 * Level 8.2 Hexes
 + Level 2.6 Ice Magic


You had 13 spell levels left.
You knew the following spells:

 Your Spells              Type           Power      Damage    Failure   Level
a - Ensorcelled Hibernat  Hex/Ice        62%        N/A       1%          2
b - Dazzling Flash        Conj/Hex       52%        N/A       4%          3
c - Confusing Touch       Hex            43%        N/A       1%          3
d - Tukima's Dance        Hex            43%        N/A       1%          3

Your spell library contained the following spells:

 Spells                   Type           Power      Damage    Failure   Level
 Portal Projectile        Hex/Tloc       52%        N/A       4%          3
 Kiss of Death            Conj/Necr      36%        2d8       8%          1
 Animate Armour           Summ/Erth      16%        N/A       58%         4
 Dispel Undead            Necr           8%         3d8       58%         4
 Blade Hands              Tmut           4%         N/A       91%         5
 Iron Shot                Conj/Erth      4%         9d2       100%        6


Dungeon Overview and Level Annotations

Branches:
Dungeon (8/15)             Temple (1/1) D:4         Ossuary (visited)
   Lair: D:8-11

Altars:
Ashenzari
Cheibriados
Dithmenos
Elyvilon
Gozag
Hepliaklqana
Kikubaaqudgha
Makhleb
Okawaru
Qazlal
Ru
Sif Muna
Uskayaw
Vehumet
Wu Jian
Xom
Yredelemnul
Zin

Annotations:
D:3 2 transporters


Innate Abilities, Weirdness & Mutations

You are very small and have problems with some larger weapons.
You are too small for most types of armour.
You have supernaturally acute eyesight. (SInv)
You cover ground extremely quickly. (Speed+++)


Message History

Press: ? - help, Dir - look around, f - activate
Casting: Dazzling Flash (dangerous; 4% risk of failure)
Confirm with . or Enter, or press ? or * to list all spells.
Casting: Dazzling Flash (dangerous; 4% risk of failure)
Press: ? - help, Dir - look around, f - activate Look: a death yak (umbra, chance to dazzle: 31%)
You see here a +0 chain mail.
Casting: Dazzling Flash (dangerous; 4% risk of failure)
Confirm with . or Enter, or press ? or * to list all spells.
Casting: Dazzling Flash (dangerous; 4% risk of failure)
Press: ? - help, Dir - look around, f - activate
Casting: Dazzling Flash (dangerous; 4% risk of failure)
Confirm with . or Enter, or press ? or * to list all spells.
Aiming: Ensorcelled Hibernation (safe; 1% risk of failure)
Press: ? - help, Shift-Dir - straight line, f - death yak
Aim: a death yak (umbra, chance to affect: 5%)
The death yak resists with almost no effort.
The yak bellows!
The death yak gores you. The yak misses you.
Casting: Ensorcelled Hibernation (safe; 1% risk of failure)
Confirm with . or Enter, or press ? or * to list all spells.
Casting: Dazzling Flash (dangerous; 4% risk of failure)
Press: ? - help, Dir - look around, f - activate Look: a death yak (umbra, chance to dazzle: 31%)
You miscast Dazzling Flash.
You are very lightly contaminated with residual magic.
Nothing appears to happen.
Casting: Dazzling Flash (dangerous; 4% risk of failure)
Confirm with . or Enter, or press ? or * to list all spells.
Casting: Dazzling Flash (dangerous; 4% risk of failure)
Press: ? - help, Dir - look around, f - activate The yak is dazzled.
Casting: Dazzling Flash (dangerous; 4% risk of failure)
Confirm with . or Enter, or press ? or * to list all spells.
Casting: Dazzling Flash (dangerous; 4% risk of failure)
Press: ? - help, Dir - look around, f - activate The death yak is dazzled.
The yak is dazzled.
The death yak gores you!!
Ouch! That really hurt!
You die...

..........[.......>.#.#.#
######.#.#.#.#.#...#.#.#
#.#.#.....[...#...#
#.#.#.....#########
#.#.#.#......#
#.#.#.....##.#
##<#.###......#
######....###..##.##
..........@YY.....#
#####...#####.#####
..............#
####..##.###..#
#..........# #.###.###..#
#. #......# ## #.Y#...#
##.#ยง#.##


You could see a death yak (blind) and a yak (blind).

Vanquished Creatures
  A wyvern (D:8)
  4 yaks
  A water moccasin (D:6)
  2 black bears
  An ice beast (D:5)
  An ogre (D:6)
  2 centaurs
  2 kobold brigands
  2 phantoms
  2 elf zombies (D:5)
  A scorpion (D:7)
  A gnoll sergeant (D:5)
  3 killer bees (D:4)
  3 centaur zombies (Ossuary)
  A hound (D:5)
  2 human zombies
  A jelly (D:5)
  4 orc priests
  Jessica (D:3)
  A sleepcap (D:6)
  2 human skeletons (D:5)
  Natasha (thrice) (D:2)
  4 iguanas
  4 orc wizards
  3 mummies (Ossuary)
  9 gnolls
  9 adders
  2 shadow imps
  2 white imps
  An ufetubus (D:5)
  4 adder zombies (Ossuary)
  2 worms
  5 dart slugs
  21 orcs
  6 ball pythons
  5 bats
  5 endoplasms
  A giant cockroach (D:1)
  3 gnoll zombies (Ossuary)
  10 goblins
  8 hobgoblins
  5 jackals (D:1)
  3 quokkas
  4 frilled lizards
  3 goblin zombies (Ossuary)
  8 hobgoblin zombies (Ossuary)
  A jackal zombie (Ossuary)
  15 kobolds
  4 kobold zombies (Ossuary)
  An orc skeleton (D:5)
  2 orc zombies (Ossuary)
  2 quokka zombies (Ossuary)
  3 rats
  3 rat zombies (Ossuary)
199 creatures vanquished.

Vanquished Creatures (collateral kills)
  Sigmund (D:6)
1 creature vanquished.

Vanquished Creatures (others)
  A dancing weapon (D:5)
  2 plants (D:8)
3 creatures vanquished.

Grand Total: 203 creatures vanquished

Notes
Turn   | Place    | Note
-------+----------+-------------------------------------------
     0 | D:1      | greenreed the Spriggan Enchanter began the quest for the
                  | Orb.
     0 | D:1      | Reached XP level 1. HP: 9/9 MP: 5/5
   157 | D:1      | Reached XP level 2. HP: 12/13 MP: 6/6
   181 | D:1      | Learned a level 2 spell: Ensorcelled Hibernation
   763 | D:1      | Reached XP level 3. HP: 16/16 MP: 8/8
   849 | D:1      | Learned a level 3 spell: Dazzling Flash
   912 | D:2      | Noticed Natasha
   918 | D:2      | Killed Natasha
   919 | D:2      | Reached skill level 5 in Stealth
   970 | D:2      | Reached XP level 4. HP: 17/21 MP: 0/9
  1143 | D:2      | Found a faded altar of an unknown god.
  1272 | D:2      | HP: 1/21 [gnoll/+0 spear (4)]
  1462 | D:2      | Noticed Natasha
  1469 | D:2      | Killed Natasha
  1470 | D:2      | Reached XP level 5. HP: 24/24 MP: 8/11
  1500 | D:2      | Identified the ring of Asim {Fly rF- rCorr Dex+5 SInv}
  1508 | D:2      | Noticed Natasha
  1513 | D:2      | Killed Natasha
  1514 | D:2      | Reached skill level 6 in Stealth
  2125 | D:3      | Found a transporter.
  2153 | D:3      | Found a transporter.
  2897 | D:3      | Noticed Jessica
  2904 | D:3      | Killed Jessica
  2905 | D:3      | Reached skill level 5 in Hexes
  3323 | D:3      | Reached XP level 6. HP: 29/29 MP: 6/13
  3438 | D:4      | Reached skill level 1 in Ice Magic
  3527 | D:4      | Found a burning altar of Makhleb.
  3666 | D:4      | Reached skill level 1 in Fighting
  3774 | D:4      | Found a staircase to the Ecumenical Temple.
  3838 | D:4      | Reached skill level 7 in Stealth
  3843 | D:4      | Reached XP level 7. HP: 17/33 MP: 11/15
  3928 | Temple   | Entered the Ecumenical Temple
  3928 | Temple   | Found a transporter.
  3928 | Temple   | Found a transporter.
  3931 | Temple   | Found a transporter.
  3931 | Temple   | Found a transporter.
  3950 | Temple   | Became a worshipper of Dithmenos the Shadowed
  4185 | D:3      | Learned a level 3 spell: Confusing Touch
  4189 | D:3      | Learned a level 3 spell: Tukima's Dance
  4200 | D:4      | Reached skill level 5 in Spellcasting
  4671 | D:5      | Entered Level 5 of the Dungeon
  5001 | D:5      | Reached XP level 8. HP: 28/37 MP: 18/19
  5026 | D:5      | Reached skill level 8 in Stealth
  5029 | D:5      | Found a sand-covered staircase.
  5055 | Ossuary  | Entered an ossuary
  5142 | Ossuary  | Reached * piety under Dithmenos
  5356 | Ossuary  | Reached ** piety under Dithmenos
  5876 | D:5      | Found a radiant altar of Vehumet.
  6415 | D:6      | Reached skill level 1 in Ranged Weapons
  6456 | D:6      | Reached *** piety under Dithmenos
  6467 | D:6      | Reached skill level 9 in Stealth
  6613 | D:6      | Noticed Sigmund
  6619 | D:6      | Killed Sigmund
  6620 | D:6      | Reached XP level 9. HP: 35/42 MP: 21/21
  7036 | D:6      | Found a glowing silver altar of Zin.
  7393 | D:7      | You fall into a shaft and drop 1 floor!
  7393 | D:8      | Found a basalt altar of Yredelemnul.
  7509 | D:7      | Found a sacrificial altar of Ru.
  7743 | D:7      | Reached skill level 5 in Ranged Weapons
  8215 | D:8      | Noticed a death yak
  8236 | D:8      | Reached skill level 10 in Stealth
  8415 | D:8      | Slain by a death yak

Illustrated notes

Levels and vault maps discovered:
D:1:      dpeg_arrival_rhombi, layout_rooms
D:2:      layout_loops_ring, shapermc_ecumenical_altar_mp_highgroup,
          dreamdust_princess_bridge, minmay_misc_feat_square,
          minmay_fractal_squares_5, uniq_natasha
D:3:      gammafunk_steamed_eel, layout_basic, minmay_pentangle, uniq_jessica
D:4:      layout_loops_ring, amcnicky_altar_gilded,
          minmay_temple_entry_offerings
D:5:      layout_loops_ring, kennysheep_little_box,
          nicolae_ossuary_entry_catacombs, minmay_manual_monolith
D:6:      layout_loops_ring, lemuel_round_altar, kennysheep_nondescript,
          minmay_unpleasant_kobolds, uniq_sigmund
D:7:      layout_basic, nicolae_ru_awakened_eye, minmay_misc_feat_encased
D:8:      layout_basic, mainiacjoe_overflow_brackets,
          mainiacjoe_overflow_six_doors_small, nicolae_overflow_crystal_walls,
          david_lair_generic
Temple:   hellmonk_temple_divided_pantheon

Skill      XL: |  1  2  3  4  5  6  7  8  9 |
---------------+----------------------------+-----
Dodging        | 3 4 |  4.5
Hexes          | 4 5 6 7 8 |  8.2
Stealth        | 5 6 7 9 10 | 10.4
Spellcasting   | 3 4 6 7 8 |  8.4
Short Blades   | 2 3 4 |  4.9
Ice Magic      | 1 2 |  2.6
Fighting       | 1 2 |  2.1
Ranged Weapons | 3 6 |  6.3
Conjurations   | |  0.1

Action                     |  1- 3 |  4- 6 |  7- 9 || total
---------------------------+-------+-------+-------++-------
  Melee: Dagger            |    88 |     5 |       ||    93
         Short sword       |       |   121 |   420 ||   541
         Punch             |       |       |    10 ||    10
   Fire: Sling             |       |       |    62 ||    62
   Cast: Ensorcelled Hiber |     7 |    46 |    57 ||   110
         Confusing Touch   |       |       |     9 ||     9
         Dazzling Flash    |       |       |    20 ||    20
         Tukima's Dance    |       |       |     4 ||     4
    Use: Potion            |     1 |     1 |       ||     2
   Stab: Invisible         |     3 |     2 |     6 ||    11
         Sleeping          |     7 |    35 |    51 ||    93
         Distracted        |       |     1 |       ||     1
         Confused          |       |       |    13 ||    13
 Armour: Robe              |     2 |     6 |    22 ||    30
  Dodge: Dodged            |    56 |    56 |   189 ||   301

Table legend: (Time is in decaauts)
 A = Elapsed time spent in this place.
 B = Non-inter-level travel time spent in this place.
 C = Inter-level travel time spent in this place.
 D = Time resting spent in this place.
 E = Time spent auto-exploring this place.
 F = Levels seen in this place.
 G = Mean time per level.
                   A        B        C        D        E       F      G
               +--------+--------+--------+--------+--------+-----+--------+
         Total |   6009 |   5775 |    234 |    662 |   3687 |  10 |  600.9 |
       Dungeon |   5644 |   5426 |    218 |    653 |   3515 |   8 |  705.5 |
        Temple |     50 |     35 |     15 |      0 |      0 |   1 |   50.0 |
       Ossuary |    314 |    314 |      0 |      9 |    171 |   1 |  314.0 |
               +--------+--------+--------+--------+--------+-----+--------+

Top non-repeatable levels by time:
     D:3: 1085 daAuts
     D:6: 887 daAuts
     D:2: 866 daAuts
     D:4: 753 daAuts
     D:5: 678 daAuts
     D:1: 648 daAuts
     D:7: 602 daAuts
 Ossuary: 314 daAuts
     D:8: 120 daAuts
  Temple: 50 daAuts
